 Dungeon Crawl Stone Soup version 0.18.1-6-gd335043 (webtiles) character file.

70 epen the Sneak (level 4, -4/23 HPs)
             Began as a Spriggan Assassin on May 20, 2016.
             Slain by Crazy Yiuf
             ... wielding a +4 quarterstaff of chaos
              (11 damage)
             ... on level 2 of the Dungeon.
             The game lasted 00:01:59 (1701 turns).

epen the Sneak (Spriggan Assassin)                  Turns: 1701, Time: 00:02:00

Health: -4/23      AC:  3    Str:  7    XL:     4   Next: 3%
Magic:  5/5        EV: 24    Int: 12    God:
Gold:   116        SH:  0    Dex: 18    Spells: 0 memorised, 3 levels left

rFire  . . .     SeeInvis +     a - +2 dagger
rCold  . . .     Gourm    .     c - +0 robe
rNeg   . . .     Faith    .     (shield restricted)
rPois  .         Spirit   .     (helmet restricted)
rElec  .         Dismiss  .     d - +0 cloak
rCorr  .         Reflect  .     (gloves unavailable)
SustAt .         Harm     .     (boots unavailable)
MR     .....                    (no amulet)
Stlth  ++++......               (no ring)
                                l - +6 ring of evasion

@: very quick, not resistant to hostile enchantments, stealthy
A: unfitting armour, see invisible, herbivore 3, speed 3, slow metabolism 2
a: no special abilities


You were on level 2 of the Dungeon.
You were not hungry.

You visited 1 branch of the dungeon, and saw 2 of its levels.

You collected 116 gold pieces.

Inventory:

Hand Weapons
 a - a +2 dagger (weapon)
 b - a +0 blowgun
Missiles
 e - 8 poisoned needles
 f - 2 curare-tipped needles
Armour
 c - a +0 robe (worn)
 d - a +0 cloak (worn)
Jewellery
 l - a +6 ring of evasion (left hand)
Scrolls
 h - a scroll of recharging {unknown}
 i - a scroll of enchant weapon {unknown}
 j - a scroll of teleportation {unknown}
 o - a scroll of remove curse {unknown}
 p - a scroll of immolation {unknown}
 s - a scroll of fog {unknown}
 t - a scroll of amnesia {unknown}
Potions
 k - a potion of agility {unknown}
 q - a potion of brilliance {unknown}
 r - a potion of curing {unknown}
 u - 2 potions of cancellation {unknown}
Comestibles
 g - 2 bread rations
 m - 4 fruits
 n - a royal jelly


   Skills:
 + Level 2.2 Fighting
 * Level 2.7 Short Blades
 + Level 2.6 Throwing
 * Level 3.0 Dodging
 + Level 6.2 Stealth


You had 3 spell levels left.
You didn't know any spells.

Dungeon Overview and Level Annotations

Branches:
Dungeon (2/15)

Altars:
Pakellas
Zin

Annotations:
D:2 Crazy Yiuf


Innate Abilities, Weirdness & Mutations

You are tiny and cannot use many weapons and most armour.
You have supernaturally acute eyesight.
You are a herbivore.
You cover ground extremely quickly.
You need consume almost no food.


Message History

Crazy Yiuf barely misses you.
You hit Crazy Yiuf but do no damage.
Crazy Yiuf is moderately wounded.
Crazy Yiuf laughs, "Ten stair stair!"
Crazy Yiuf misses you. x2
You closely miss Crazy Yiuf.
Crazy Yiuf is moderately wounded.
Crazy Yiuf grits, "Action!"
Crazy Yiuf hits you with a quarterstaff of chaos.
You are electrocuted!
You hit Crazy Yiuf.
Crazy Yiuf is moderately wounded.
Crazy Yiuf screams, "Whippet snockshim leg!"
Crazy Yiuf hits you with a quarterstaff of chaos.
Crazy Yiuf burns you.
You completely miss Crazy Yiuf.
Crazy Yiuf is moderately wounded.
Crazy Yiuf laughs, "Shadow!"
Crazy Yiuf hits you with a quarterstaff of chaos!
You die...

#.###.###.# #.#
#.##>.#. #.........#
#.# #.###...
#####.##### #'#
#.####.# #.# ###
#....... #####.#
######.#
#.....##♣♣♣♣♣
##.###.#
#.###...P.♣.♣♣♣#####
#####...##.#
#.......♣..♣#...#
#'..........
#....P.♣♣♣♣.'@g.#
#####...##.#
#....P♣♣ ♣♣#..)#
##...... #.###♣♣
##### #####.##.# ...
#>.......# ####
#.###)#..# ### ###
#.##.....# #.# #†#
#.##..##.# #.#
######.## #.##..##.#
#.# #...#...##
#.##..##.#


You could see Crazy Yiuf.

Vanquished Creatures
  An adder (D:2)
  2 oozes
  A worm (D:2)
  A dart slug (D:1)
  11 bats
  3 giant cockroaches
  6 goblins
  6 hobgoblins
  3 kobolds
  2 quokkas (D:2)
  A ball python (D:2)
  5 rats
42 creatures vanquished.

Notes
Turn   | Place    | Note
--------------------------------------------------------------
     0 | D:1      | epen the Spriggan Assassin began the quest for the Orb.
     0 | D:1      | Reached XP level 1. HP: 10/10 MP: 2/2
    39 | D:1      | Reached skill level 6 in Stealth
   222 | D:1      | Reached XP level 2. HP: 14/14 MP: 3/3
   851 | D:1      | Reached XP level 3. HP: 18/18 MP: 4/4
   984 | D:2      | Found a glowing silver altar of Zin.
  1052 | D:2      | Found an oddly glowing altar of Pakellas.
  1588 | D:2      | Reached XP level 4. HP: 22/23 MP: 5/5
  1693 | D:2      | Noticed Crazy Yiuf
  1701 | D:2      | Slain by Crazy Yiuf

Skill      XL: |  1  2  3 |
---------------+----------+-----
Stealth        | 6 |  6.2
Dodging        | 2 3 |  3.0
Fighting       | 2 |  2.2
Short Blades   | |  2.7
Throwing       | |  2.6

Action                   |  1- 3 |  4- 6 || total
-------------------------+-------+-------++-------
Melee: Dagger            |   101 |     7 ||   108
 Stab: Sleeping          |    19 |     1 ||    20
       Distracted        |     1 |       ||     1
Armor: Robe              |    15 |       ||    15
Dodge: Dodged            |    88 |     3 ||    91
